 Dungeon Crawl Stone Soup version 0.23.2-1-ga50397a6bc (webtiles) character file.

Game seed: 3678151629016350945

101783 voshx1 the Severer (level 15, -3/143 HPs)
             Began as a Minotaur Berserker on Apr 26, 2019.
             Was a High Priest of Trog.
             Splashed by a deep elf sorcerer's acid (14 damage)
             ... on level 3 of the Elven Halls.
             The game lasted 01:20:47 (20224 turns).

voshx1 the Severer (Minotaur Berserker)            Turns: 20224, Time: 01:20:48

Health: -3/143     AC: 30    Str: 27    XL:     15   Next: 84%
Magic:  0/24       EV: 11    Int: 11    God:    Trog [*****.]
Gold:   158        SH: 13    Dex: 16    Spells: 14/14 levels left

rFire    . . .     SeeInvis +   u - +7 war axe of Tumult {chop, Dex+3}
rCold    . . .     Gourm    .   b - +0 shield
rNeg     . . .     Faith    .   a - +1 plate armour {MR+}
rPois    .         Spirit   +   O - +3 hat of Pondering {ponderous, MR+ MP+10 Int+5}
rElec    .         Reflect  .   o - scarf {Spirit}
rCorr    .         Harm     .   I - +2 pair of gloves
MR       +++++                  A - +5 pair of boots of Zyrphoe {Slay+3}
Stlth    ..........             (no amulet)
HPRegen  1.33/turn              V - ring of see invisible
MPRegen  0.19/turn              W - +4 ring of protection

@: lethally poisoned (-3 -> -4), corroded, berserk cooldown, regenerating,
slowed, lightly drained, very slow
A: retaliatory headbutt, horns 2, agile 1, clever 1
a: Berserk, Trog's Hand, Brothers in Arms, Renounce Religion


You were on level 3 of the Elven Halls.
You worshipped Trog.
Trog was extremely pleased with you.
You were not hungry.

You visited 3 branches of the dungeon, and saw 14 of its levels.
You visited the Abyss 1 time.

You collected 1360 gold pieces.
You spent 1202 gold pieces at shops.

Inventory:

Hand Weapons
 f - a +2 vampiric battleaxe
 k - the +3 flail of Hastryweno {crush, +Blink}
   (Trog gifted it to you on level 2 of the Elven Halls)

   It inflicts extra damage upon your enemies.
   It lets you blink.
 u - the +7 war axe of Tumult (weapon) {chop, Dex+3}
   (You bought it in a shop on level 2 of the Orcish Mines)

   It inflicts extra damage upon your enemies.
   It affects your dexterity (+3).
 y - a +0 antimagic great mace
 C - a +2 vampiric lajatang
 F - a +3 antimagic eveningstar
 R - a +4 flail of protection
Missiles
 q - 98 sling bullets
 Z - 37 bolts
Armour
 a - a +1 plate armour of magic resistance (worn)
 b - a +0 shield (worn)
 o - a scarf of spirit shield (worn)
 x - the +0 leather armour "Oregam" {rC+}
   (You found it on level 4 of the Dungeon)

   It protects you from cold.
 A - the +5 pair of boots of Zyrphoe (worn) {Slay+3}
   (You found it on level 5 of the Dungeon)

   It affects your accuracy and damage with ranged weapons and melee attacks
   (+3).
 D - a +1 cloak
 G - a +1 cloak
 H - a scarf of resistance
 I - a +2 pair of gloves (worn)
 O - the +3 hat of Pondering (worn) {ponderous, MR+ MP+10 Int+5}
   (You took it off Gastronok on level 8 of the Dungeon)

   It affects your intelligence (+5).
   It affects your resistance to hostile enchantments.
   It affects your magic capacity (+10).
 X - a scarf of spirit shield
 Y - a +4 plate armour
Jewellery
 l - an uncursed ring of fire
 Q - an uncursed ring of poison resistance {unknown}
 V - a ring of see invisible (left hand)
 W - a +4 ring of protection (right hand)
Wands
 r - a wand of acid (9)
 E - a wand of disintegration (5)
 J - a wand of random effects (14)
 L - a wand of polymorph (16)
 S - a wand of iceblast (7)
 U - a wand of scattershot (5)
Scrolls
 d - a scroll of teleportation
 g - 2 scrolls of identify
 i - 5 scrolls of remove curse
 m - 3 scrolls of magic mapping
 t - a scroll of enchant weapon
 v - 2 scrolls of noise
 w - a scroll of amnesia
 P - a scroll of immolation
Potions
 e - 4 potions of haste
 h - a potion of mutation
 j - 3 potions of magic
 n - a potion of degeneration
 p - 5 potions of curing
 s - a potion of might
 z - a potion of flight
 B - a potion of cancellation
 K - 5 potions of lignification
 N - 4 potions of agility
Comestibles
 c - 26 rations


   Skills:
 + Level 15.8(15.2) Fighting
 + Level 17.1(18.4) Axes
 + Level 14.9(17.4) Maces & Flails
 + Level 13.7(13.1) Armour
 + Level 7.1(6.7) Dodging
 + Level 3.1(2.7) Stealth
 + Level 10.8(10.3) Shields


You had 14 spell levels left.
You didn't know any spells.
Your spell library contained the following spells:

 Spells                   Type           Power        Failure   Level  Hunger
 Animate Skeleton         Necr           N/A          99%         1    ##.....
 Confusing Touch          Hex            #.....       99%         1    ##.....
 Flame Tongue             Conj/Fire      #....        99%         1    ##.....
 Freeze                   Ice            #...         99%         1    ##.....
 Pain                     Necr           #...         99%         1    ##.....
 Throw Flame              Conj/Fire      #.....       100%        2    ###....
 Throw Frost              Conj/Ice       #.....       100%        2    ###....
 Confuse                  Hex            #.......     100%        3    ####...
 Conjure Flame            Conj/Fire      #.......     100%        3    ####...
 Dazzling Spray           Conj/Hex       #.....       100%        3    ####...
 Gell's Gravitas          Tloc           #.........   100%        3    ####...
 Inner Flame              Hex/Fire       #.......     100%        3    ####...
 Ozocubu's Armour         Chrm/Ice       #.......     100%        3    ####...
 Regeneration             Chrm/Necr      #.........   100%        3    ####...
 Vampiric Draining        Necr           #.........   100%        3    ####...
 Animate Dead             Necr           N/A          100%        4    #####..
 Petrify                  Tmut/Erth      #.......     100%        4    #####..
 Sticky Flame             Conj/Fire      #.......     100%        4    #####..
 Summon Ice Beast         Ice/Summ       #.......     100%        4    #####..
 Throw Icicle             Conj/Ice       #.......     100%        4    #####..
 Bolt of Draining         Conj/Necr      #.........   100%        5    ######.
 Fireball                 Conj/Fire      #.........   100%        5    ######.
 Metabolic Englaciation   Hex/Ice        #.........   100%        5    ######.
 Yara's Violent Unravell  Hex/Tmut       #.........   100%        5    ######.


Dungeon Overview and Level Annotations

Branches:
Dungeon (9/15)             Temple (0/1) D:5             Orc (2/2) D:9
    Elf (3/3) Orc:2
   Lair: D:8-11

Altars:
Ashenzari
Elyvilon
Fedhas
Hepliaklqana
Makhleb
Sif Muna
Yredelemnul
Beogh

Shops:
D:8 :   Orc:1 *   Orc:2 }!(*:(([   Elf:2 %


Innate Abilities, Weirdness & Mutations

You reflexively headbutt those who attack you in melee.
You have a pair of horns on your head.
You are agile. (Dex +2)
Your mind is acute. (Int +2)


Message History

A deep elf mage comes into view. It is wielding a +0 rapier.
The deep elf mage shouts!
The deep elf mage casts a spell.
The deep elf sorcerer gestures wildly while chanting.
The deep elf sorcerer seems to speed up.
Okay, then.
You eat one of the 27 rations.
That ration really hit the spot!
You feel sick.
The deep elf sorcerer gestures at you while chanting.
You resist with almost no effort.
Your skin crawls.
You feel resistant to hostile enchantments.
You feel somewhat more hungry. You block the fire elemental's attack.
A deep elf demonologist comes into view.
It is wielding a +0 long sword.
You block the deep elf mage's attack.
You feel sick.
The deep elf sorcerer gestures at you while chanting.
The bolt of acid hits you!
* * * LOW HITPOINT WARNING * * *
The acid corrodes you!
You are splashed with acid!
You die...

#... e4. .###... §3..
....... .e.e .......##
... .......e### ##§###
..........## .....##
e..........###
......###....EE......#
...()...##..°°e.@....#
..(((...##.°°..#.....#
....)...##.....##....#
........##..... ....#
........##..... ....#
.E44re..##..... ....#
1e1E4.######... ..###


4sse^## .## ##e### You could see a deep elf sorcerer, a deep elf mage and 2 fire
elementals.

Vanquished Creatures
  A deep elf master archer (Elf:3)
  3 deep elf blademasters
  2 tentacled starspawn (Abyss:2)
  Agnes (Elf:1)
  Gastronok (D:8)
  3 deep elf sorcerers
  3 orc warlords
  2 deep elf elementalists (Elf:3)
  A stone giant (Orc:1)
  7 deep elf demonologists (Elf:3)
  3 deep elf annihilators
  A green death (Abyss:2)
  3 deep elf death magi (Elf:3)
  A deep elf high priest (Elf:3)
  17 dancing weapons
  A two-headed ogre (D:6)
  5 thrashing horrors (Abyss:2)
  An orc high priest (Orc:2)
  Urug (Orc:2)
  17 deep elf knights
  11 deep elf archers
  2 orc knights (Orc:2)
  46 deep elf magi
  A cyclops (Orc:1)
  4 orc sorcerers
  An orange demon (Abyss:2)
  A smoke demon (Abyss:2)
  An ancient zyme (Abyss:2)
  A meliai (shapeshifter) (Elf:2)
  A queen bee (D:8)
  A troll (Orc:1)
  2 hippogriffs
  3 raiju (Abyss:2)
  3 air elementals (Elf:2)
  3 large abominations (Abyss:2)
  A vampire (Abyss:2)
  A wraith (D:9)
  A water elemental (Elf:1)
  A neqoxec (Abyss:2)
  4 small abominations (Abyss:2)
  A hungry ghost (D:7)
  5 wargs
  A harpy simulacrum (Abyss:2)
  A water moccasin (D:6)
  A sky beast (D:9)
  3 phantoms
  6 ogres
  3 ice beasts
  23 orc warriors
  2 centaurs
  2 crocodiles (D:9)
  4 bullfrogs (D:6)
  2 earth elementals (Elf:2)
  A gnoll sergeant (D:4)
  5 scorpions
  14 killer bees (D:8)
  A howler monkey (D:5)
  A bullfrog zombie (D:9)
  3 crimson imps
  18 orc priests
  2 quasits
  3 hounds
  Crazy Yiuf (D:5)
  2 iguanas
  14 orc wizards
  6 worker ants
  2 hound zombies
  2 worker ant zombies (D:7)
  10 gnolls
  9 adders
  An ooze (D:2)
  An adder zombie (D:6)
  4 worms
  6 dart slugs
  4 leopard geckos
  51 orcs
  10 giant cockroaches
  9 goblins
  16 hobgoblins
  3 jackals
  11 kobolds
  4 quokkas
  17 bats
  6 frilled lizards
  A jackal skeleton (D:6)
  A leopard gecko zombie (D:6)
  12 rats
  2 crawling corpses (Elf:3)
  A starspawn tentacle (Abyss:2)
471 creatures vanquished.

Vanquished Creatures (collateral kills)
  A deep elf demonologist (Elf:3)
  2 deep elf annihilators (Elf:3)
  2 deep elf high priests (Elf:3)
  A dancing weapon (Elf:2)
  3 deep elf knights
  2 deep elf magi
11 creatures vanquished.

Vanquished Creatures (others)
  6 starspawn tentacles (Abyss:2)
6 creatures vanquished.

Grand Total: 488 creatures vanquished

Notes
Turn   | Place    | Note
-------+----------+-------------------------------------------
     0 | D:1      | voshx1 the Minotaur Berserker began the quest for the Orb.
     0 | D:1      | Reached XP level 1. HP: 19/19 MP: 0/0
   502 | D:1      | Reached XP level 2. HP: 24/27 MP: 1/1
   726 | D:1      | Reached skill level 4 in Axes
  1042 | D:1      | Reached XP level 3. HP: 33/33 MP: 2/2
  1175 | D:1      | Reached ** piety under Trog
  2062 | D:2      | Found a burning altar of Makhleb.
  2062 | D:2      | Noticed a balrug
  2072 | D:2      | Reached XP level 4. HP: 39/41 MP: 3/3
  2727 | D:3      | Reached *** piety under Trog
  2789 | D:3      | Reached skill level 5 in Axes
  2801 | D:3      | Reached XP level 5. HP: 33/47 MP: 1/4
  2977 | D:3      | Found a blossoming altar of Fedhas.
  4119 | D:4      | Reached skill level 5 in Fighting
  4119 | D:4      | Reached XP level 6. HP: 49/56 MP: 5/5
  4155 | D:4      | Got a polished leather armour
  4156 | D:4      | Reached skill level 6 in Axes
  4172 | D:4      | Identified the +0 leather armour "Oregam" {rC+} (You found
                  | it on level 4 of the Dungeon)
  4364 | D:5      | Entered Level 5 of the Dungeon
  5022 | D:5      | Reached XP level 7. HP: 41/61 MP: 4/6
  5032 | D:5      | Got a crude robe
  5326 | D:5      | Reached skill level 7 in Axes
  5326 | D:5      | Reached skill level 1 in Stealth
  5511 | D:5      | Got a pair of warped boots
  5527 | D:5      | Identified the +5 pair of boots of Zyrphoe {Slay+3} (You
                  | found it on level 5 of the Dungeon)
  5563 | D:5      | Reached **** piety under Trog
  5660 | D:5      | Found a staircase to the Ecumenical Temple.
  5705 | D:5      | Reached skill level 5 in Armour
  5759 | D:5      | Found a shattered altar of Ashenzari.
  5930 | D:5      | Found a blossoming altar of Fedhas.
  5930 | D:5      | Found a deep blue altar of Sif Muna.
  5931 | D:5      | Found a hazy altar of Hepliaklqana.
  6237 | D:5      | Found a runed translucent door.
  6238 | D:5      | Noticed Crazy Yiuf
  6527 | D:5      | Killed Crazy Yiuf
  6589 | D:6      | Reached skill level 8 in Axes
  6591 | D:6      | Reached XP level 8. HP: 59/70 MP: 7/7
  6833 | D:6      | Reached skill level 1 in Maces & Flails
  7021 | D:6      | Noticed a two-headed ogre
  7027 | D:6      | Killed a two-headed ogre
  7027 | D:6      | Reached skill level 9 in Axes
  7027 | D:6      | Reached skill level 5 in Maces & Flails
  7027 | D:6      | Reached skill level 5 in Dodging
  7027 | D:6      | Reached XP level 9. HP: 79/79 MP: 8/8
  8325 | D:7      | Found a basalt altar of Yredelemnul.
  8597 | D:7      | Found a white marble altar of Elyvilon.
  9059 | D:8      | Noticed Gastronok
  9142 | D:8      | Killed Gastronok
  9142 | D:8      | Received a gift from Trog
  9142 | D:8      | Reached skill level 10 in Maces & Flails
  9142 | D:8      | Reached XP level 10. HP: 49/90 MP: 5/9
  9391 | D:8      | Found Carcholiw's Book Shoppe.
  9610 | D:8      | Reached ***** piety under Trog
 10062 | D:9      | Found a staircase to the Orcish Mines.
 10120 | Orc:1    | Entered Level 1 of the Orcish Mines
 10213 | Orc:1    | Noticed a cyclops
 10224 | Orc:1    | Killed a cyclops
 10224 | Orc:1    | Reached XP level 11. HP: 61/97 MP: 10/10
 10499 | Orc:1    | Found Ycaotiar's General Store.
 10786 | Orc:2    | Entered Level 2 of the Orcish Mines
 10786 | Orc:2    | Found Akott's Food Emporium.
 10786 | Orc:2    | Noticed an orc warlord
 10786 | Orc:2    | Noticed an orc sorcerer
 10786 | Orc:2    | Noticed a stone giant
 10801 | Orc:1    | Killed an orc warlord
 10898 | Orc:1    | Killed an orc sorcerer
 10898 | Orc:1    | Reached skill level 10 in Fighting
 11028 | Orc:1    | Received a gift from Trog
 11035 | Orc:1    | Killed a stone giant
 11235 | Orc:2    | Noticed an orc sorcerer
 11240 | Orc:2    | Noticed an orc warlord
 11246 | Orc:2    | Killed an orc sorcerer
 11269 | Orc:1    | Killed an orc warlord
 11628 | Orc:2    | Bought a ration for 70 gold pieces
 11628 | Orc:2    | Bought a ration for 70 gold pieces
 11628 | Orc:2    | Bought a ration for 70 gold pieces
 11628 | Orc:2    | Bought a ration for 70 gold pieces
 11628 | Orc:2    | Bought a ration for 70 gold pieces
 11628 | Orc:2    | Bought a ration for 70 gold pieces
 11628 | Orc:2    | Bought a ration for 70 gold pieces
 11628 | Orc:2    | Bought a ration for 70 gold pieces
 11628 | Orc:2    | Bought a ration for 70 gold pieces
 11693 | Orc:2    | Found Quinoich's Gadget Boutique.
 11723 | Orc:2    | Found Baem's Antique Weapon Boutique.
 11739 | Orc:2    | Found a staircase to the Elven Halls.
 11780 | Orc:2    | Found Dedaat's Distillery.
 11792 | Orc:2    | Noticed an orc knight
 11808 | Orc:2    | Killed an orc knight
 11825 | Orc:2    | Noticed Urug
 11831 | Orc:2    | Noticed an orc warlord
 11840 | Orc:2    | Killed Urug
 12173 | Orc:2    | Killed an orc warlord
 12173 | Orc:2    | Reached XP level 12. HP: 62/110 MP: 11/11
 12405 | Orc:2    | Found a roughly hewn altar of Beogh.
 12405 | Orc:2    | Noticed an orc high priest
 12672 | Orc:2    | Killed an orc high priest
 12766 | Orc:2    | Bought a potion of brilliance for 48 gold pieces
 12766 | Orc:2    | Bought a potion of curing for 36 gold pieces
 12766 | Orc:2    | Bought a potion of heal wounds for 60 gold pieces
 12766 | Orc:2    | Bought a potion of heal wounds for 60 gold pieces
 12807 | Orc:2    | Reached skill level 10 in Armour
 13048 | Orc:2    | Found Viawn's General Store.
 13078 | Orc:2    | Found Qiopiol's Book Shop.
 13126 | Orc:2    | Found Onnuacut's Weapon Emporium.
 13337 | Orc:2    | Found Puhigun's Antique Armour Shop.
 13416 | Orc:2    | Found Hoselyg's Antique Weapon Shop.
 13424 | Orc:2    | Bought a pitted war axe for 238 gold pieces
 13424 | Orc:2    | Identified the +7 war axe of Tumult {chop, Dex+3} (You
                  | bought it in a shop on level 2 of the Orcish Mines)
 13469 | Elf:1    | Entered Level 1 of the Elven Halls
 13484 | Elf:1    | Reached skill level 1 in Shields
 14090 | Elf:1    | Reached skill level 10 in Axes
 14358 | Elf:1    | Noticed Agnes
 14366 | Elf:1    | Noticed a deep elf sorcerer
 14376 | Elf:1    | Killed Agnes
 14376 | Elf:1    | Received a gift from Trog
 14379 | Elf:1    | Killed a deep elf sorcerer
 14379 | Elf:1    | Reached XP level 13. HP: 119/119 MP: 12/12
 14395 | Elf:1    | Reached skill level 11 in Axes
 14663 | Elf:1    | Identified the Disquisition on Attacks
 14847 | Elf:1    | Gained mutation: You are agile. (Dex +2) [potion of
                  | mutation]
 14847 | Elf:1    | Gained mutation: Your mind is acute. (Int +2) [potion of
                  | mutation]
 15390 | Elf:2    | Noticed a deep elf annihilator
 15390 | Elf:2    | Noticed a deep elf annihilator
 15420 | Elf:2    | Killed a deep elf annihilator
 15427 | Elf:2    | Killed a deep elf annihilator
 15441 | Elf:1    | Reached skill level 12 in Axes
 15680 | Elf:2    | Found a runed translucent gate.
 15680 | Elf:2    | Found a runed translucent gate.
 15680 | Elf:2    | Found a runed translucent gate.
 15792 | Elf:2    | Found Vaom's Food Shoppe.
 15828 | Elf:2    | Reached skill level 5 in Shields
 15841 | Elf:2    | Bought a ration for 65 gold pieces
 15841 | Elf:2    | Bought a ration for 65 gold pieces
 15979 | Elf:2    | Reached skill level 13 in Axes
 15989 | Elf:2    | Reached ****** piety under Trog
 16541 | Elf:2    | Reached XP level 14. HP: 67/129 MP: 13/13
 16874 | Elf:2    | Noticed a deep elf blademaster
 16881 | Elf:2    | Received a gift from Trog
 16881 | Elf:2    | Reached skill level 14 in Axes
 16882 | Elf:2    | Got a brightly glowing flail {god gift}
 16898 | Elf:2    | Killed a deep elf blademaster
 17227 | Elf:2    | Cast into level 2 of the Abyss (+4 halberd of distortion)
 17369 | Abyss:2  | Noticed a tentacled starspawn
 17382 | Abyss:2  | Killed a tentacled starspawn
 17414 | Abyss:2  | Noticed a bone dragon
 17551 | Abyss:2  | Noticed a tentacled starspawn
 17568 | Abyss:2  | Killed a tentacled starspawn
 17572 | Elf:2    | Escaped the Abyss
 17580 | Elf:2    | Reached skill level 15 in Axes
 18374 | Elf:3    | Entered Level 3 of the Elven Halls
 18536 | Elf:3    | Identified the +3 flail of Hastryweno {crush, +Blink} (Trog
                  | gifted it to you on level 2 of the Elven Halls)
 18771 | Elf:3    | Received a gift from Trog
 18776 | Elf:3    | Reached XP level 15. HP: 105/139 MP: 14/14
 19087 | Elf:3    | Noticed a deep elf blademaster
 19087 | Elf:3    | Noticed a deep elf blademaster
 19117 | Elf:3    | Killed a deep elf blademaster
 19122 | Elf:3    | Killed a deep elf blademaster
 19122 | Elf:3    | Reached skill level 16 in Axes
 19132 | Elf:3    | Reached skill level 15 in Fighting
 19391 | Elf:3    | Reached skill level 10 in Shields
 19834 | Elf:3    | Noticed a deep elf sorcerer
 19844 | Elf:3    | Noticed a deep elf master archer
 19848 | Elf:3    | Killed a deep elf sorcerer
 19861 | Elf:3    | Killed a deep elf master archer
 19861 | Elf:3    | Reached skill level 17 in Axes
 20167 | Elf:3    | Noticed a deep elf sorcerer
 20175 | Elf:3    | Killed a deep elf sorcerer
 20188 | Elf:3    | Noticed a Hell Sentinel
 20192 | Elf:3    | Noticed a Tzitzimitl
 20205 | Elf:3    | Noticed an Ice Fiend
 20208 | Elf:3    | Noticed an Executioner
 20212 | Elf:3    | Noticed an Executioner
 20219 | Elf:3    | Identified the amulet of the Shining Light {*Contam +Rage
                  | rPois rC+++ Dex+5}
 20219 | Elf:3    | Noticed a deep elf sorcerer
 20219 | Elf:3    | Identified the +6 demon trident of Discord {venom, Int+3}
 20219 | Elf:3    | Identified the ring "Pones" {Wiz Str+2}
 20221 | Elf:3    | Noticed a deep elf sorcerer
 20224 | Elf:3    | Splashed by a deep elf sorcerer's acid

Skill      XL: |  1  2  3  4  5  6  7  8  9 10 11 12 13 14 15 |
---------------+----------------------------------------------+-----
Fighting       | 4 5 6 7 8 9 11 12 13 14 15 | 15.8
Axes           | 4 5 6 8 9 10 13 15 17 | 17.1
Dodging        | 3 4 5 6 7 |  7.1
Armour         | 3 4 5 7 9 11 12 13 | 13.7
Stealth        | 1 2 3 |  3.1
Maces & Flails | 5 10 12 14 | 14.9
Shields        | 3 5 9 10 | 10.8

Action                   |  1- 3 |  4- 6 |  7- 9 | 10-12 | 13-15 || total
-------------------------+-------+-------+-------+-------+-------++-------
Melee: Hand axe          |   126 |   161 |    87 |       |       ||   374
       Headbutt          |    12 |    28 |    46 |   115 |   148 ||   349
       Morningstar       |       |       |   146 |     6 |       ||   152
       Flail             |       |       |       |   419 |       ||   419
       War axe           |       |       |       |    71 |   539 ||   610
Invok: Berserk           |       |     1 |     2 |     6 |     4 ||    13
       Trog's Hand       |       |       |       |       |     6 ||     6
       Brothers in Arms  |       |       |       |       |     2 ||     2
  Use: Scroll            |       |       |     3 |     4 |    14 ||    21
       Potion            |       |       |       |     2 |    11 ||    13
 Stab: Sleeping          |       |       |     2 |       |       ||     2
  Eat: Chunk             |     3 |     5 |     7 |    11 |     2 ||    28
       Ration            |       |     2 |     2 |     3 |     8 ||    15
Armor: Animal skin       |    20 |       |       |       |       ||    20
       Ring mail         |    15 |    30 |       |       |       ||    45
       Leather armour    |       |    10 |    69 |       |       ||    79
       Plate armour      |       |       |       |   343 |   252 ||   595
Dodge: Dodged            |    77 |   104 |   155 |   191 |   159 ||   686
Block: Shield            |       |       |       |    40 |   233 ||   273
